Sharks vs Devils

Created - 6 octobre 2015 at 19:10

Goals
1 2 3 T
Sharks 2 0 3 5
Devils 1 1 1 3
Shots
1 2 3 T
Sharks 21 10 9 40
Devils 6 13 13 32

1st period

1. Sharks , Marcel Hossa 1 (Martin Erat, Michal Rozsival) at 3:45
2. Devils , Zach Parise 1 (Cody Franson, Jiri Hudler) at 7:58
3. Sharks , Antoine Vermette 3 (Tuomo Ruutu, Daniel Alfredsson) at 10:48

Penalties :
Michal Rozsival (SJS) for Holding Stick (Minor) at 11:56, Evgeny Artyukhin (NJD) for Tripping (Minor) at 18:00

2nd period

4. Devils , Vincent Lecavalier 1 (Dion Phaneuf, Mike Lundin) at 0:28 (SH)

Penalties :
Mike Komisarek (NJD) for Holding Stick (Minor) at 0:17, Steve Ott (NJD) for Hooking (Minor) at 12:19, Martin Hanzal (SJS) for Tripping (Minor) at 14:44, Steve Ott (NJD) for High sticking (Minor) at 17:32

3rd period

5. Sharks , Martin Erat 1 (Martin Hanzal) at 11:25
6. Sharks , David Legwand 1 (Alex Pietrangelo) at 12:19 (PP)
7. Devils , Guillaume Latendresse 1 (Michael Frolik, Cody Franson) at 14:45
8. Sharks , Derek Boogaard 2 (Paul Gaustad, David Legwand) at 19:02 (Empty Net)

Penalties :
Greg Stewart (NJD) for Interference (Minor) at 1:25, Michael Frolik (NJD) for Roughing (Double Minor) at 7:16, Vincent Lecavalier (NJD) for Roughing (Minor) at 12:12

Goalie Stats

Mike Brodeur (SJS), 29 saves from 32 shots - (0,906), W, 2-0-0, 60:00 minutes
Viktor Fasth (NJD), 35 saves from 39 shots - (0,897), L, 0-1-0, 59:44 minutes

Players Stats for Sharks

Player Name              G  A  P  +/- PIM S  H  SB GA TA FO     MP     PP MP  PK MP  
------------------------------------------------------------------------------------
Alex Pietrangelo         0  1  1   0  0   2  1  2  1  0  0/0    23:21   8:20   1:19 
Alexander Radulov        0  0  0   0  0   1  2  0  1  0  0/0    10:23   0:38   0:00 
Antoine Vermette         1  0  1   0  0   4  6  0  0  0  7/14   20:54   6:06   2:09 
Daniel Alfredsson        0  1  1   0  0   1  1  0  0  0  1/1    18:42   6:04   0:00 
David Legwand            1  1  2  -1  0   6  1  0  2  0  22/39  23:40   7:17   2:12 
Derek Boogaard           1  0  1  -1  0   5  1  0  0  0  0/0    22:52   7:14   1:27 
Jay Bouwmeester          0  0  0   2  0   8  1  1  1  0  0/0    30:05   8:08   2:29 
Kim Johnsson             0  0  0  -1  0   1  1  0  1  1  0/0    11:03   0:00   1:17 
Lasse Kukkonen           0  0  0  -1  0   0  0  2  0  0  0/0    10:35   0:12   0:10 
Marcel Hossa             1  0  1   2  0   2  1  0  0  0  0/0     6:23   0:00   0:57 
Markus Naslund           0  0  0   0  0   0  0  1  0  0  0/1    10:23   0:38   0:00 
Martin Erat              1  1  2   2  0   1  0  0  0  0  0/1     5:26   0:00   0:00 
Martin Hanzal            0  1  1   2  2   0  0  0  0  0  1/2     5:30   0:00   0:05 
Michal Rozsival          0  1  1   2  2   1  3  1  0  3  0/0    25:04   5:41   1:12 
Paul Gaustad             0  1  1   1  0   2  0  0  0  1  4/5    11:04   0:43   0:19 
Steve McCarthy           0  0  0   0  0   0  1  0  0  1  0/0    19:57   5:41   1:29 
Ted Purcell              0  0  0  -2  0   5  1  0  1  2  2/2    21:53   7:17   0:47 
Tuomo Ruutu              0  1  1   0  0   1  3  0  0  1  1/2    18:45   6:06   0:00 

Players Stats for Devils

Player Name              G  A  P  +/- PIM S  H  SB GA TA FO     MP     PP MP  PK MP  
------------------------------------------------------------------------------------
Ben Lovejoy              0  0  0  -2  0   0  0  1  1  0  0/0    20:33   1:47   5:56 
Chris Mcallister         0  0  0   0  0   0  3  1  0  0  0/1     8:13   0:00   3:02 
Cody Franson             0  2  2   1  0   0  1  2  0  1  0/0    12:33   0:00   0:53 
Dion Phaneuf             0  1  1   0  0   0  1  2  1  0  0/0    27:47   2:11   8:05 
Evgeny Artyukhin         0  0  0   0  2   4  1  0  0  0  0/0    10:57   0:00   0:00 
Greg Stewart             0  0  0   0  2   3  2  1  1  0  0/1    12:21   0:00   1:22 
Guillaume Latendresse    1  0  1   0  0   4  1  1  0  0  1/1    18:20   1:53   4:32 
Jiri Hudler              0  1  1   0  0   7  1  0  0  0  5/8    12:07   0:00   0:52 
Maxim Afinogenov         0  0  0  -1  0   2  1  1  3  1  1/5    19:45   1:53   4:10 
Michael Frolik           0  1  1  -1  4   3  1  0  1  0  1/1    13:57   2:05   0:00 
Mike Komisarek           0  0  0  -2  2   2  1  0  0  1  0/0    22:54   1:47   5:03 
Mike Lundin              0  1  1   0  0   0  1  0  1  0  0/0    24:33   2:11   8:05 
Patrick Eaves            0  0  0   0  0   0  0  0  0  0  0/0     5:09   0:00   0:00 
Stephen Weiss            0  0  0   0  0   0  0  1  0  0  8/13   13:44   1:53   0:00 
Steve Ott                0  0  0   0  4   1  0  0  0  0  0/2     5:25   0:00   0:00 
Trevor Daley             0  0  0   1  0   0  0  0  0  1  0/0    11:40   0:00   0:00 
Vincent Lecavalier       1  0  1  -1  2   3  2  2  1  2  10/27  22:58   2:05   6:55 
Zach Parise              1  0  1  -1  0   3  1  2  0  1  3/8    22:56   2:05   7:09 

3 Stars

1 - Martin Erat (SJS)
2 - Antoine Vermette (SJS)
3 - Marcel Hossa (SJS)

Power Play

Sharks - 1 on 8 Attempt(s) - 12,50%
Devils - 0 on 2 Attempt(s) - 0,00%

Penalty Kill

Sharks - 2 on 2 Attempt(s) - 100,00% - Score 0 goal in Penalty Kill
Devils - 7 on 8 Attempt(s) - 87,50% - Score 1 goal in Penalty Kill

Team Stat

Sharks - Hits : 23 - Faceoff Wins : 38 - Blocked Shots : 7 - Penalty Minutes : 4
Devils - Hits : 17 - Faceoff Wins : 29 - Blocked Shots : 14 - Penalty Minutes : 16

Official

Referees : Joannette Marc and O'Halloran Dan
Linesman : Scott Driscoll and David Brisebois

Game Notes

Derek Boogaard has scored in a empty net!

Finance

Level 1 -- Attendance: 5568 (92,80%) -- Ticket Income 473 280 $
Level 2 -- Attendance: 4731 (94,62%) -- Ticket Income 246 012 $
Level 3 -- Attendance: 1807 (90,35%) -- Ticket Income 50 596 $
Level 4 -- Attendance: 3771 (94,28%) -- Ticket Income 75 420 $
Luxury Box -- Attendance: 894 (89,40%) -- Ticket Income 151 980 $
Game was played at the The prudential Center'
Total Attendance: 16771 (93,17%)
Total Ticket Income: 997 288 $
Other Income: 149 593 $
Total Income: 1 146 881 $

Sharks

5 vs 5 Forward 
   Center                   Left Wing                Right Wing               Time % Phy DF OF 
 1 David Legwand            Derek Boogaard           Ted Purcell              40     1   2  2  
 2 Antoine Vermette         Tuomo Ruutu              Daniel Alfredsson        30     1   2  2  
 3 Paul Gaustad             Markus Naslund           Alexander Radulov        20     1   2  2  
 4 Martin Hanzal            Marcel Hossa             Martin Erat              10     1   2  2  

5 vs 5 Defense 
   Defense                  Defense                                           Time % Phy DF OF 
 1 Michal Rozsival          Jay Bouwmeester                                   40     1   2  2  
 2 Alex Pietrangelo         Steve McCarthy                                    30     1   2  2  
 3 Lasse Kukkonen           Kim Johnsson                                      20     1   2  2  
 4 Alex Pietrangelo         Jay Bouwmeester                                   10     1   2  2  

PowerPlay Forward 
   Center                   Left Wing                Right Wing               Time % Phy DF OF 
 1 David Legwand            Derek Boogaard           Ted Purcell              60     1   2  2  
 2 Antoine Vermette         Tuomo Ruutu              Daniel Alfredsson        40     1   2  2  

PowerPlay Defense
   Defense                  Defense                                           Time % Phy DF OF 
 1 Alex Pietrangelo         Jay Bouwmeester                                   60     1   2  2  
 2 Michal Rozsival          Steve McCarthy                                    40     1   2  2  

Penalty Kill 4 Players Forward 
   Center                   Wing                     Time % Phy DF OF 
 1 David Legwand            Antoine Vermette         60     2   2  1  
 2 Derek Boogaard           Ted Purcell              40     2   2  1  

Penalty Kill 4 Players Defense
   Defense                  Defense                  Time % Phy DF OF 
 1 Michal Rozsival          Jay Bouwmeester          60     2   2  1  
 2 Alex Pietrangelo         Steve McCarthy           40     2   2  1  

Penalty Kill - 3 Players Forward 
   Forward                                           Time % Phy DF OF 
 1 Ted Purcell                                       60     1   4  0  
 2 Tuomo Ruutu                                       40     1   4  0  

Penalty Kill - 3 Players Defense
   Defense                  Defense                  Time % Phy DF OF 
 1 Michal Rozsival          Jay Bouwmeester          60     1   4  0  
 2 Alex Pietrangelo         Steve McCarthy           40     1   4  0  

4 vs 4 Forward 
   Center                   Wing                     Time % Phy DF OF 
 1 David Legwand            Antoine Vermette         60     1   2  2  
 2 Derek Boogaard           Ted Purcell              40     1   2  2  

4 vs 4 Defense
   Defense                  Defense                  Time % Phy DF OF 
 1 Lasse Kukkonen           Jay Bouwmeester          60     1   2  2  
 2 Kim Johnsson             Steve McCarthy           40     1   2  2  

Last Minutes Offensive
   Center                   Left Wing                Right Wing               Defense                  Defense                  
   David Legwand            Derek Boogaard           Ted Purcell              Michal Rozsival          Jay Bouwmeester          

Last Minutes Defensive
   Center                   Left Wing                Right Wing               Defense                  Defense                  
   David Legwand            Derek Boogaard           Tuomo Ruutu              Michal Rozsival          Jay Bouwmeester          

Goaltenders
Starting : Mike Brodeur             
Backup : Dan Ellis                

Extra Forwards
Normal : Paul Gaustad, Markus Naslund, Marcel Hossa - PP : Paul Gaustad, Markus Naslund - PK : Marcel Hossa
Extra Defensemen
Normal : Lasse Kukkonen, Kim Johnsson, Alex Pietrangelo - PP : Lasse Kukkonen - PK : Kim Johnsson, Alex Pietrangelo
Penalty Shots
David Legwand, Antoine Vermette, Derek Boogaard, Ted Purcell, Paul Gaustad

Devils

5 vs 5 Forward 
   Center                   Left Wing                Right Wing               Time % Phy DF OF 
 1 Vincent Lecavalier       Zach Parise              Maxim Afinogenov         40     1   2  2  
 2 Stephen Weiss            Guillaume Latendresse    Michael Frolik           30     1   2  2  
 3 Jiri Hudler              Greg Stewart             Evgeny Artyukhin         20     1   2  2  
 4 Steve Ott                Chris Mcallister         Patrick Eaves            10     1   2  2  

5 vs 5 Defense 
   Defense                  Defense                                           Time % Phy DF OF 
 1 Dion Phaneuf             Mike Komisarek                                    40     1   2  2  
 2 Mike Lundin              Ben Lovejoy                                       30     1   2  2  
 3 Trevor Daley             Cody Franson                                      20     1   2  2  
 4 Dion Phaneuf             Mike Lundin                                       10     1   2  2  

PowerPlay Forward 
   Center                   Left Wing                Right Wing               Time % Phy DF OF 
 1 Vincent Lecavalier       Zach Parise              Michael Frolik           60     1   2  2  
 2 Stephen Weiss            Guillaume Latendresse    Maxim Afinogenov         40     1   2  2  

PowerPlay Defense
   Defense                  Defense                                           Time % Phy DF OF 
 1 Dion Phaneuf             Mike Lundin                                       60     1   2  2  
 2 Ben Lovejoy              Mike Komisarek                                    40     1   2  2  

Penalty Kill 4 Players Forward 
   Center                   Wing                     Time % Phy DF OF 
 1 Zach Parise              Vincent Lecavalier       60     1   2  2  
 2 Maxim Afinogenov         Guillaume Latendresse    40     1   2  2  

Penalty Kill 4 Players Defense
   Defense                  Defense                  Time % Phy DF OF 
 1 Dion Phaneuf             Mike Lundin              60     1   2  2  
 2 Ben Lovejoy              Mike Komisarek           40     1   2  2  

Penalty Kill - 3 Players Forward 
   Forward                                           Time % Phy DF OF 
 1 Zach Parise                                       60     1   2  2  
 2 Vincent Lecavalier                                40     1   2  2  

Penalty Kill - 3 Players Defense
   Defense                  Defense                  Time % Phy DF OF 
 1 Dion Phaneuf             Mike Lundin              60     1   2  2  
 2 Ben Lovejoy              Mike Komisarek           40     1   2  2  

4 vs 4 Forward 
   Center                   Wing                     Time % Phy DF OF 
 1 Zach Parise              Vincent Lecavalier       60     1   2  2  
 2 Maxim Afinogenov         Guillaume Latendresse    40     1   2  2  

4 vs 4 Defense
   Defense                  Defense                  Time % Phy DF OF 
 1 Dion Phaneuf             Mike Lundin              60     1   2  2  
 2 Ben Lovejoy              Mike Komisarek           40     1   2  2  

Last Minutes Offensive
   Center                   Left Wing                Right Wing               Defense                  Defense                  
   Vincent Lecavalier       Zach Parise              Maxim Afinogenov         Dion Phaneuf             Mike Lundin              

Last Minutes Defensive
   Center                   Left Wing                Right Wing               Defense                  Defense                  
   Vincent Lecavalier       Zach Parise              Maxim Afinogenov         Dion Phaneuf             Mike Lundin              

Goaltenders
Starting : Viktor Fasth             
Backup : James Reimer             

Extra Forwards
Normal : Jiri Hudler, Greg Stewart, Chris Mcallister - PP : Jiri Hudler, Greg Stewart - PK : Chris Mcallister
Extra Defensemen
Normal : Trevor Daley, Cody Franson, Ben Lovejoy - PP : Trevor Daley - PK : Cody Franson, Ben Lovejoy
Penalty Shots
Zach Parise, Vincent Lecavalier, Maxim Afinogenov, Guillaume Latendresse, Stephen Weiss

% Time on Ice - Sharks

Lines # - Real PCT - Wanted PCT - Time Play
Normal Forward
1 - 33% - 40% - 13:55
2 - 30% - 30% - 12:39
3 - 23% - 20% - 9:45
4 - 13% - 10% - 5:26
Normal Defense
1 - 45% - 40% - 18:36
2 - 30% - 30% - 12:31
3 - 23% - 20% - 9:32
4 - 3% - 10% - 1:06
PP Forward
1 - 56% - 60% - 7:55
2 - 44% - 40% - 6:06
PP Defense
1 - 59% - 60% - 8:20
2 - 41% - 40% - 5:41
PK Forward
1 - 80% - 60% - 3:11
2 - 20% - 40% - 0:47
PK Defense
1 - 67% - 60% - 2:39
2 - 33% - 40% - 1:19
PK3 Forward
1 - 0% - 60%
2 - 0% - 40%
PK3 Defense
1 - 0% - 60%
2 - 0% - 40%
44 Forward
1 - 0% - 60%
2 - 0% - 40%
44 Defense
1 - 0% - 60%
2 - 0% - 40%
Last Minute Offensive  - 0:00
Last Minute Defensive  - 0:16
Total
Forward - 60:00
Defense - 60:00

% Time on Ice - Devils

Lines # - Real PCT - Wanted PCT - Time Play
Normal Forward
1 - 33% - 40% - 13:45
2 - 28% - 30% - 11:53
3 - 26% - 20% - 10:58
4 - 12% - 10% - 5:09
Normal Defense
1 - 39% - 40% - 16:23
2 - 31% - 30% - 12:50
3 - 27% - 20% - 11:24
4 - 3% - 10% - 1:08
PP Forward
1 - 53% - 60% - 2:05
2 - 47% - 40% - 1:53
PP Defense
1 - 55% - 60% - 2:11
2 - 45% - 40% - 1:47
PK Forward
1 - 70% - 60% - 9:51
2 - 30% - 40% - 4:10
PK Defense
1 - 58% - 60% - 8:05
2 - 42% - 40% - 5:56
PK3 Forward
1 - 0% - 60%
2 - 0% - 40%
PK3 Defense
1 - 0% - 60%
2 - 0% - 40%
44 Forward
1 - 0% - 60%
2 - 0% - 40%
44 Defense
1 - 0% - 60%
2 - 0% - 40%
Last Minute Offensive  - 0:16
Last Minute Defensive  - 0:00
Total
Forward - 60:00
Defense - 60:00

Play by Play

1st period


0:01 of 1st period - Vincent Lecavalier wins face-off versus David Legwand in neutral zone.
0:12 of 1st period - Slapshot by David Legwand.
0:12 of 1st period - Shot Misses the Net.
0:14 of 1st period - Snap shot by David Legwand.
0:14 of 1st period - Stopped by Viktor Fasth with a rebound.
0:26 of 1st period - Stephen Weiss is hit by Antoine Vermette and loses puck.
0:56 of 1st period - Markus Naslund is hit by Greg Stewart and loses puck.
1:26 of 1st period - Icing by Steve McCarthy.
1:27 of 1st period - Martin Hanzal wins face-off versus Maxim Afinogenov in Sharks zone.
2:39 of 1st period - Snap shot by Ted Purcell.
2:39 of 1st period - Shot Misses the Net.
2:57 of 1st period - Wrist shot by Vincent Lecavalier.
2:57 of 1st period - Shot Misses the Net.
2:59 of 1st period - Slapshot by Mike Komisarek.
2:59 of 1st period - Shot Blocked by Michal Rozsival.
3:25 of 1st period - Slapshot by Martin Erat.
3:25 of 1st period - Shot Blocked by Stephen Weiss.
3:27 of 1st period - Slapshot by Jay Bouwmeester.
3:27 of 1st period - Stopped by Viktor Fasth with a rebound.
3:45 of 1st period - Wrist shot by Marcel Hossa.
3:45 of 1st period - Goal by Marcel Hossa - Sharks : 1 - Devils : 0.
3:46 of 1st period - David Legwand wins face-off versus Vincent Lecavalier in neutral zone.
3:56 of 1st period - Slapshot by Vincent Lecavalier.
3:56 of 1st period - Shot Blocked by Lasse Kukkonen.
5:04 of 1st period - Snap shot by Alexander Radulov.
5:04 of 1st period - Shot Misses the Net.
5:06 of 1st period - Wrist shot by Paul Gaustad.
5:06 of 1st period - Stopped by Viktor Fasth without a rebound.
5:07 of 1st period - David Legwand wins face-off versus Jiri Hudler in Devils zone.
5:20 of 1st period - Snap shot by Evgeny Artyukhin.
5:20 of 1st period - Shot Misses the Net.
5:22 of 1st period - Slapshot by Mike Lundin.
5:22 of 1st period - Shot Misses the Net.
5:34 of 1st period - Icing by Zach Parise.
5:35 of 1st period - Antoine Vermette wins face-off versus Vincent Lecavalier in Devils zone.
5:40 of 1st period - Wrist shot by Daniel Alfredsson.
5:40 of 1st period - Shot Blocked by Zach Parise.
5:50 of 1st period - Slapshot by Jay Bouwmeester.
5:50 of 1st period - Deflect By Vincent Lecavalier.
5:50 of 1st period - Stopped by Viktor Fasth without a rebound.
5:51 of 1st period - Stephen Weiss wins face-off versus David Legwand in Devils zone.
5:56 of 1st period - Michal Rozsival is hit by Mike Komisarek and loses puck.
6:13 of 1st period - Jay Bouwmeester is hit by Guillaume Latendresse and loses puck.
6:38 of 1st period - Slapshot by Guillaume Latendresse.
6:38 of 1st period - Deflect By Michael Frolik.
6:38 of 1st period - Stopped by Mike Brodeur with a rebound.
6:57 of 1st period - Snap shot by Ted Purcell.
6:57 of 1st period - Stopped by Viktor Fasth without a rebound.
6:58 of 1st period - Vincent Lecavalier wins face-off versus Antoine Vermette in Devils zone.
6:58 of 1st period - Vincent Lecavalier is hit by Antoine Vermette.
7:21 of 1st period - Icing by Alex Pietrangelo.
7:22 of 1st period - Paul Gaustad wins face-off versus Jiri Hudler in Sharks zone.
7:52 of 1st period - Snap shot by Jiri Hudler.
7:52 of 1st period - Stopped by Mike Brodeur with a rebound.
7:54 of 1st period - Snap shot by Zach Parise.
7:54 of 1st period - Shot Blocked by Lasse Kukkonen.
7:58 of 1st period - Slapshot by Zach Parise.
7:58 of 1st period - Goal by Zach Parise - Sharks : 1 - Devils : 1.
7:59 of 1st period - Vincent Lecavalier wins face-off versus David Legwand in neutral zone.
8:34 of 1st period - Slapshot by Jay Bouwmeester.
8:34 of 1st period - Stopped by Viktor Fasth with a rebound.
8:45 of 1st period - Icing by Michal Rozsival.
8:46 of 1st period - Jiri Hudler wins face-off versus Martin Erat in Sharks zone.
9:03 of 1st period - Jay Bouwmeester is hit by Jiri Hudler and loses puck.
9:26 of 1st period - Wrist shot by David Legwand.
9:26 of 1st period - Shot Misses the Net.
9:38 of 1st period - Alex Pietrangelo is hit by Michael Frolik and loses puck.
9:57 of 1st period - Alexander Radulov is hit by Chris Mcallister and loses puck.
10:04 of 1st period - Snap shot by Steve Ott.
10:04 of 1st period - Stopped by Mike Brodeur without a rebound.
10:05 of 1st period - Vincent Lecavalier wins face-off versus David Legwand in Sharks zone.
10:10 of 1st period - Icing by Ted Purcell.
10:11 of 1st period - David Legwand wins face-off versus Vincent Lecavalier in Sharks zone.
10:24 of 1st period - Slapshot by Ted Purcell.
10:24 of 1st period - Stopped by Viktor Fasth without a rebound.
10:25 of 1st period - Daniel Alfredsson wins face-off versus Vincent Lecavalier in Devils zone.
10:32 of 1st period - Snap shot by Antoine Vermette.
10:32 of 1st period - Stopped by Viktor Fasth with a rebound.
10:34 of 1st period - Snap shot by Tuomo Ruutu.
10:34 of 1st period - Deflect By Antoine Vermette.
10:34 of 1st period - Shot Blocked by Zach Parise.
10:34 of 1st period - Puck is out of play.
10:35 of 1st period - Antoine Vermette wins face-off versus Vincent Lecavalier in Devils zone.
10:38 of 1st period - Slapshot by Antoine Vermette.
10:38 of 1st period - Stopped by Viktor Fasth with a rebound.
10:40 of 1st period - Wrist shot by Antoine Vermette.
10:40 of 1st period - Shot Misses the Net.
10:42 of 1st period - Slapshot by Tuomo Ruutu.
10:42 of 1st period - Shot Blocked by Dion Phaneuf.
10:44 of 1st period - Snap shot by Daniel Alfredsson.
10:44 of 1st period - Deflect By Maxim Afinogenov.
10:44 of 1st period - Stopped by Viktor Fasth with a rebound.
10:46 of 1st period - Slapshot by Tuomo Ruutu.
10:46 of 1st period - Shot Misses the Net.
10:48 of 1st period - Wrist shot by Antoine Vermette.
10:48 of 1st period - Goal by Antoine Vermette - Sharks : 2 - Devils : 1.
10:49 of 1st period - Vincent Lecavalier wins face-off versus David Legwand in neutral zone.
10:54 of 1st period - Snap shot by Vincent Lecavalier.
10:54 of 1st period - Shot Misses the Net.
11:14 of 1st period - Mike Lundin is hit by Alexander Radulov and loses puck.
11:23 of 1st period - Snap shot by Alexander Radulov.
11:23 of 1st period - Shot Misses the Net.
11:25 of 1st period - Slapshot by Jay Bouwmeester.
11:25 of 1st period - Shot Misses the Net.
11:27 of 1st period - Slapshot by Jay Bouwmeester.
11:27 of 1st period - Stopped by Viktor Fasth without a rebound.
11:28 of 1st period - Stephen Weiss wins face-off versus David Legwand in Devils zone.
11:56 of 1st period - Minor Penalty to Michal Rozsival for Holding Stick.
11:57 of 1st period - Vincent Lecavalier wins face-off versus David Legwand in Sharks zone.
12:25 of 1st period - Icing by Maxim Afinogenov.
12:26 of 1st period - Stephen Weiss wins face-off versus David Legwand in Devils zone.
13:03 of 1st period - Wrist shot by Guillaume Latendresse.
13:03 of 1st period - Shot Misses the Net.
13:56 of 1st period - Penalty to Michal Rozsival is over, Michal Rozsival is back on ice.
14:07 of 1st period - Wrist shot by Paul Gaustad.
14:07 of 1st period - Shot Misses the Net.
14:11 of 1st period - Snap shot by Paul Gaustad.
14:11 of 1st period - Deflect By Markus Naslund.
14:11 of 1st period - Shot Blocked by Cody Franson.
14:11 of 1st period - Puck is out of play.
14:12 of 1st period - Jiri Hudler wins face-off versus Markus Naslund in Devils zone.
14:23 of 1st period - Snap shot by Evgeny Artyukhin.
14:23 of 1st period - Stopped by Mike Brodeur without a rebound.
14:24 of 1st period - Vincent Lecavalier wins face-off versus Antoine Vermette in Sharks zone.
14:53 of 1st period - Off-side.
14:54 of 1st period - Michael Frolik wins face-off versus David Legwand in neutral zone.
15:07 of 1st period - Slapshot by Alex Pietrangelo.
15:07 of 1st period - Stopped by Viktor Fasth with a rebound.
15:09 of 1st period - Slapshot by Ted Purcell.
15:09 of 1st period - Stopped by Viktor Fasth with a rebound.
15:26 of 1st period - Backhand shot by Dion Phaneuf.
15:26 of 1st period - Shot Blocked by Markus Naslund.
15:30 of 1st period - Snap shot by Guillaume Latendresse.
15:30 of 1st period - Shot Misses the Net.
15:38 of 1st period - Slapshot by Michael Frolik.
15:38 of 1st period - Deflect By Guillaume Latendresse.
15:38 of 1st period - Shot Misses the Net.
15:38 of 1st period - Puck is out of play.
15:39 of 1st period - Vincent Lecavalier wins face-off versus Antoine Vermette in Sharks zone.
16:34 of 1st period - Snap shot by Ted Purcell.
16:34 of 1st period - Deflect By Mike Komisarek.
16:34 of 1st period - Shot Misses the Net.
16:34 of 1st period - Puck is out of play.
16:35 of 1st period - Vincent Lecavalier wins face-off versus David Legwand in Devils zone.
16:40 of 1st period - Wrist shot by Zach Parise.
16:40 of 1st period - Stopped by Mike Brodeur without a rebound.
16:41 of 1st period - David Legwand wins face-off versus Vincent Lecavalier in Sharks zone.
16:41 of 1st period - David Legwand is hit by Maxim Afinogenov.
16:57 of 1st period - Wrist shot by Maxim Afinogenov.
16:57 of 1st period - Shot Misses the Net.
17:26 of 1st period - Icing by Mike Lundin.
17:27 of 1st period - Jiri Hudler wins face-off versus Paul Gaustad in Devils zone.
18:00 of 1st period - Minor Penalty to Evgeny Artyukhin for Tripping.
18:01 of 1st period - Zach Parise wins face-off versus David Legwand in Devils zone.
18:08 of 1st period - Off-side.
18:09 of 1st period - Zach Parise wins face-off versus David Legwand in neutral zone.
18:39 of 1st period - Snap shot by David Legwand.
18:39 of 1st period - Shot Misses the Net.
18:47 of 1st period - Wrist shot by Ted Purcell.
18:47 of 1st period - Stopped by Viktor Fasth with a rebound.
18:49 of 1st period - Snap shot by Ted Purcell.
18:49 of 1st period - Shot Misses the Net.
18:51 of 1st period - Slapshot by Alex Pietrangelo.
18:51 of 1st period - Stopped by Viktor Fasth with a rebound.
18:53 of 1st period - Slapshot by David Legwand.
18:53 of 1st period - Shot Misses the Net.
18:55 of 1st period - Snap shot by Derek Boogaard.
18:55 of 1st period - Stopped by Viktor Fasth with a rebound.
18:57 of 1st period - Snap shot by Jay Bouwmeester.
18:57 of 1st period - Stopped by Viktor Fasth with a rebound.
18:59 of 1st period - Slapshot by Jay Bouwmeester.
18:59 of 1st period - Shot Blocked by Ben Lovejoy.
19:01 of 1st period - Wrist shot by David Legwand.
19:01 of 1st period - Deflect By Mike Komisarek.
19:01 of 1st period - Stopped by Viktor Fasth without a rebound.
19:02 of 1st period - Antoine Vermette wins face-off versus Maxim Afinogenov in Devils zone.
19:13 of 1st period - Wrist shot by Antoine Vermette.
19:13 of 1st period - Stopped by Viktor Fasth with a rebound.
0:00 of 2nd period - Penalty to Evgeny Artyukhin is over, Evgeny Artyukhin is back on ice.
Goals for this period are 2 for Sharks vs 1 for Devils.
Shots for this period are 21 for Sharks vs 6 for Devils.

2nd period


0:01 of 2nd period - Maxim Afinogenov wins face-off versus David Legwand in neutral zone.
0:08 of 2nd period - Backhand shot by Vincent Lecavalier.
0:08 of 2nd period - Shot Misses the Net.
0:17 of 2nd period - Minor Penalty to Mike Komisarek for Holding Stick.
0:18 of 2nd period - David Legwand wins face-off versus Zach Parise in Devils zone.
0:26 of 2nd period - Snap shot by Dion Phaneuf.
0:26 of 2nd period - Shot Misses the Net.
0:28 of 2nd period - Slapshot by Vincent Lecavalier.
0:28 of 2nd period - Goal by Vincent Lecavalier - Sharks : 2 - Devils : 2.
0:29 of 2nd period - David Legwand wins face-off versus Zach Parise in neutral zone.
0:34 of 2nd period - Mike Lundin is hit by David Legwand and loses puck.
0:55 of 2nd period - Zach Parise is hit by Antoine Vermette.
1:22 of 2nd period - Derek Boogaard is hit by Cody Franson and loses puck.
1:35 of 2nd period - Chris Mcallister is hit by Michal Rozsival and loses puck.
2:13 of 2nd period - Alex Pietrangelo is hit by Dion Phaneuf and loses puck.
2:17 of 2nd period - Penalty to Mike Komisarek is over, Mike Komisarek is back on ice.
2:41 of 2nd period - Slapshot by Marcel Hossa.
2:41 of 2nd period - Shot Misses the Net.
3:39 of 2nd period - Snap shot by Maxim Afinogenov.
3:39 of 2nd period - Stopped by Mike Brodeur with a rebound.
3:41 of 2nd period - Slapshot by Mike Komisarek.
3:41 of 2nd period - Stopped by Mike Brodeur with a rebound.
3:43 of 2nd period - Snap shot by Maxim Afinogenov.
3:43 of 2nd period - Stopped by Mike Brodeur with a rebound.
3:45 of 2nd period - Snap shot by Zach Parise.
3:45 of 2nd period - Stopped by Mike Brodeur with a rebound.
3:47 of 2nd period - Slapshot by Trevor Daley.
3:47 of 2nd period - Deflect By Maxim Afinogenov.
3:47 of 2nd period - Shot Misses the Net.
3:47 of 2nd period - Puck is out of play.
3:48 of 2nd period - Jiri Hudler wins face-off versus David Legwand in Sharks zone.
4:03 of 2nd period - Snap shot by Evgeny Artyukhin.
4:03 of 2nd period - Stopped by Mike Brodeur with a rebound.
4:43 of 2nd period - Snap shot by David Legwand.
4:43 of 2nd period - Stopped by Viktor Fasth with a rebound.
4:45 of 2nd period - Slapshot by David Legwand.
4:45 of 2nd period - Stopped by Viktor Fasth without a rebound.
4:46 of 2nd period - Antoine Vermette wins face-off versus Stephen Weiss in Devils zone.
4:59 of 2nd period - Wrist shot by Michael Frolik.
4:59 of 2nd period - Shot Blocked by Alex Pietrangelo.
5:13 of 2nd period - Maxim Afinogenov is hit by Steve McCarthy and loses puck.
5:34 of 2nd period - Snap shot by Chris Mcallister.
5:34 of 2nd period - Shot Blocked by Alex Pietrangelo.
6:00 of 2nd period - Snap shot by Guillaume Latendresse.
6:00 of 2nd period - Stopped by Mike Brodeur with a rebound.
6:02 of 2nd period - Snap shot by Stephen Weiss.
6:02 of 2nd period - Shot Misses the Net.
6:04 of 2nd period - Wrist shot by Michael Frolik.
6:04 of 2nd period - Stopped by Mike Brodeur without a rebound.
6:05 of 2nd period - Antoine Vermette wins face-off versus Vincent Lecavalier in Sharks zone.
6:55 of 2nd period - Mike Lundin is hit by Alexander Radulov and loses puck.
7:04 of 2nd period - Paul Gaustad is hit by Evgeny Artyukhin and loses puck.
7:13 of 2nd period - Icing by Mike Lundin.
7:14 of 2nd period - Jiri Hudler wins face-off versus Antoine Vermette in Devils zone.
7:14 of 2nd period - Jiri Hudler is hit by Kim Johnsson.
7:20 of 2nd period - Evgeny Artyukhin is hit by Tuomo Ruutu and loses puck.
9:18 of 2nd period - Wrist shot by Guillaume Latendresse.
9:18 of 2nd period - Shot Misses the Net.
9:20 of 2nd period - Slapshot by Michael Frolik.
9:20 of 2nd period - Stopped by Mike Brodeur without a rebound.
9:21 of 2nd period - Stephen Weiss wins face-off versus Antoine Vermette in Sharks zone.
9:32 of 2nd period - Snap shot by Guillaume Latendresse.
9:32 of 2nd period - Stopped by Mike Brodeur with a rebound.
9:34 of 2nd period - Snap shot by Guillaume Latendresse.
9:34 of 2nd period - Stopped by Mike Brodeur with a rebound.
9:48 of 2nd period - Ted Purcell is hit by Vincent Lecavalier and loses puck.
9:53 of 2nd period - Slapshot by Vincent Lecavalier.
9:53 of 2nd period - Shot Misses the Net.
9:55 of 2nd period - Backhand shot by Vincent Lecavalier.
9:55 of 2nd period - Stopped by Mike Brodeur without a rebound.
9:56 of 2nd period - David Legwand wins face-off versus Vincent Lecavalier in Sharks zone.
10:02 of 2nd period - Icing by Ted Purcell.
10:03 of 2nd period - David Legwand wins face-off versus Vincent Lecavalier in Sharks zone.
11:17 of 2nd period - Wrist shot by Derek Boogaard.
11:17 of 2nd period - Stopped by Viktor Fasth with a rebound.
11:19 of 2nd period - Slapshot by Michal Rozsival.
11:19 of 2nd period - Stopped by Viktor Fasth with a rebound.
11:21 of 2nd period - Slapshot by Jay Bouwmeester.
11:21 of 2nd period - Stopped by Viktor Fasth with a rebound.
11:23 of 2nd period - Snap shot by Ted Purcell.
11:23 of 2nd period - Shot Blocked by Vincent Lecavalier.
11:25 of 2nd period - Snap shot by Ted Purcell.
11:25 of 2nd period - Stopped by Viktor Fasth with a rebound.
11:27 of 2nd period - Snap shot by David Legwand.
11:27 of 2nd period - Shot Misses the Net.
11:29 of 2nd period - Slapshot by Jay Bouwmeester.
11:29 of 2nd period - Shot Blocked by Maxim Afinogenov.
11:31 of 2nd period - Slapshot by Michal Rozsival.
11:31 of 2nd period - Shot Blocked by Cody Franson.
11:33 of 2nd period - Snap shot by Derek Boogaard.
11:33 of 2nd period - Stopped by Viktor Fasth with a rebound.
11:35 of 2nd period - Wrist shot by Derek Boogaard.
11:35 of 2nd period - Stopped by Viktor Fasth with a rebound.
11:37 of 2nd period - Slapshot by David Legwand.
11:37 of 2nd period - Shot Blocked by Vincent Lecavalier.
11:39 of 2nd period - Slapshot by Jay Bouwmeester.
11:39 of 2nd period - Stopped by Viktor Fasth without a rebound.
11:40 of 2nd period - Antoine Vermette wins face-off versus Stephen Weiss in Devils zone.
12:05 of 2nd period - Paul Gaustad is hit by Chris Mcallister and loses puck.
12:19 of 2nd period - Minor Penalty to Steve Ott for Hooking.
12:20 of 2nd period - Tuomo Ruutu wins face-off versus Chris Mcallister in Devils zone.
12:23 of 2nd period - Slapshot by Alex Pietrangelo.
12:23 of 2nd period - Shot Blocked by Greg Stewart.
13:47 of 2nd period - Maxim Afinogenov is hit by Alex Pietrangelo and loses puck.
14:19 of 2nd period - Penalty to Steve Ott is over, Steve Ott is back on ice.
14:35 of 2nd period - Snap shot by Martin Erat.
14:35 of 2nd period - Deflect By Marcel Hossa.
14:35 of 2nd period - Shot Misses the Net.
14:35 of 2nd period - Puck is out of play.
14:36 of 2nd period - Stephen Weiss wins face-off versus Martin Hanzal in Devils zone.
14:44 of 2nd period - Minor Penalty to Martin Hanzal for Tripping.
14:45 of 2nd period - David Legwand wins face-off versus Stephen Weiss in Sharks zone.
16:19 of 2nd period - Zach Parise is hit by Michal Rozsival and loses puck.
16:44 of 2nd period - Penalty to Martin Hanzal is over, Martin Hanzal is back on ice.
17:00 of 2nd period - Wrist shot by Greg Stewart.
17:00 of 2nd period - Shot Hit the Post.
17:32 of 2nd period - Minor Penalty to Steve Ott for High sticking.
17:33 of 2nd period - Zach Parise wins face-off versus David Legwand in Devils zone.
18:11 of 2nd period - Zach Parise is hit by Tuomo Ruutu and loses puck.
18:34 of 2nd period - Wrist shot by Vincent Lecavalier.
18:34 of 2nd period - Stopped by Mike Brodeur with a rebound.
18:52 of 2nd period - Tuomo Ruutu is hit by Mike Lundin and loses puck.
19:21 of 2nd period - Icing by Jay Bouwmeester.
19:22 of 2nd period - David Legwand wins face-off versus Vincent Lecavalier in Sharks zone.
19:32 of 2nd period - Penalty to Steve Ott is over, Steve Ott is back on ice.
19:32 of 2nd period - Off-side.
19:33 of 2nd period - Stephen Weiss wins face-off versus Tuomo Ruutu in neutral zone.
19:58 of 2nd period - Snap shot by Paul Gaustad.
19:58 of 2nd period - Deflect By Greg Stewart.
19:58 of 2nd period - Stopped by Viktor Fasth with a rebound.
Goals for this period are 0 for Sharks vs 1 for Devils.
Shots for this period are 10 for Sharks vs 13 for Devils.

3rd period


0:01 of 3rd period - David Legwand wins face-off versus Zach Parise in neutral zone.
0:12 of 3rd period - Jay Bouwmeester is hit by Vincent Lecavalier and loses puck.
0:18 of 3rd period - Icing by Derek Boogaard.
0:19 of 3rd period - David Legwand wins face-off versus Stephen Weiss in Sharks zone.
0:36 of 3rd period - Snap shot by Guillaume Latendresse.
0:36 of 3rd period - Shot Blocked by Jay Bouwmeester.
0:46 of 3rd period - Antoine Vermette is hit by Zach Parise and loses puck.
1:25 of 3rd period - Minor Penalty to Greg Stewart for Interference.
1:26 of 3rd period - David Legwand wins face-off versus Zach Parise in Devils zone.
1:53 of 3rd period - Dion Phaneuf is hit by Tuomo Ruutu and loses puck.
3:01 of 3rd period - Daniel Alfredsson is hit by Chris Mcallister and loses puck.
3:25 of 3rd period - Penalty to Greg Stewart is over, Greg Stewart is back on ice.
3:34 of 3rd period - Snap shot by Jiri Hudler.
3:34 of 3rd period - Stopped by Mike Brodeur with a rebound.
3:36 of 3rd period - Wrist shot by Jiri Hudler.
3:36 of 3rd period - Stopped by Mike Brodeur with a rebound.
3:38 of 3rd period - Snap shot by Greg Stewart.
3:38 of 3rd period - Stopped by Mike Brodeur without a rebound.
3:39 of 3rd period - Paul Gaustad wins face-off versus Jiri Hudler in Sharks zone.
3:54 of 3rd period - Wrist shot by Alexander Radulov.
3:54 of 3rd period - Stopped by Viktor Fasth without a rebound.
3:55 of 3rd period - David Legwand wins face-off versus Vincent Lecavalier in Devils zone.
4:24 of 3rd period - Slapshot by David Legwand.
4:24 of 3rd period - Shot Misses the Net.
4:26 of 3rd period - Snap shot by Tuomo Ruutu.
4:26 of 3rd period - Shot Blocked by Dion Phaneuf.
4:28 of 3rd period - Slapshot by Kim Johnsson.
4:28 of 3rd period - Stopped by Viktor Fasth without a rebound.
4:29 of 3rd period - Stephen Weiss wins face-off versus Antoine Vermette in Devils zone.
4:56 of 3rd period - Wrist shot by Tuomo Ruutu.
4:56 of 3rd period - Shot Misses the Net.
5:05 of 3rd period - Off-side.
5:06 of 3rd period - David Legwand wins face-off versus Stephen Weiss in neutral zone.
5:19 of 3rd period - Slapshot by Mike Komisarek.
5:19 of 3rd period - Stopped by Mike Brodeur without a rebound.
5:20 of 3rd period - David Legwand wins face-off versus Vincent Lecavalier in Sharks zone.
5:27 of 3rd period - Mike Komisarek is hit by Ted Purcell and loses puck.
6:10 of 3rd period - Snap shot by Evgeny Artyukhin.
6:10 of 3rd period - Stopped by Mike Brodeur with a rebound.
6:12 of 3rd period - Snap shot by Jiri Hudler.
6:12 of 3rd period - Deflect By Alex Pietrangelo.
6:12 of 3rd period - Stopped by Mike Brodeur with a rebound.
6:14 of 3rd period - Snap shot by Cody Franson.
6:14 of 3rd period - Deflect By Jiri Hudler.
6:14 of 3rd period - Stopped by Mike Brodeur with a rebound.
6:16 of 3rd period - Wrist shot by Jiri Hudler.
6:16 of 3rd period - Shot Misses the Net.
6:18 of 3rd period - Snap shot by Jiri Hudler.
6:18 of 3rd period - Stopped by Mike Brodeur with a rebound.
7:10 of 3rd period - Michael Frolik is hit by Jay Bouwmeester and loses puck.
7:16 of 3rd period - Double Minor Penalty to Michael Frolik for Roughing.
7:17 of 3rd period - David Legwand wins face-off versus Vincent Lecavalier in Devils zone.
7:17 of 3rd period - Wrist shot by Derek Boogaard.
7:17 of 3rd period - Shot Hit the Post.
7:43 of 3rd period - Dion Phaneuf is hit by Daniel Alfredsson.
7:51 of 3rd period - Off-side.
7:52 of 3rd period - Guillaume Latendresse wins face-off versus David Legwand in neutral zone.
7:54 of 3rd period - Off-side.
7:55 of 3rd period - David Legwand wins face-off versus Maxim Afinogenov in neutral zone.
8:26 of 3rd period - Snap shot by Tuomo Ruutu.
8:26 of 3rd period - Shot Misses the Net.
9:35 of 3rd period - Icing by Ted Purcell.
9:36 of 3rd period - David Legwand wins face-off versus Maxim Afinogenov in Sharks zone.
10:30 of 3rd period - Mike Lundin is hit by Antoine Vermette and loses puck.
10:49 of 3rd period - Mike Komisarek is hit by Michal Rozsival.
11:16 of 3rd period - Penalty to Michael Frolik is over, Michael Frolik is back on ice.
11:25 of 3rd period - Snap shot by Martin Erat.
11:25 of 3rd period - Goal by Martin Erat - Sharks : 3 - Devils : 2.
11:26 of 3rd period - Stephen Weiss wins face-off versus Antoine Vermette in neutral zone.
11:59 of 3rd period - Snap shot by Tuomo Ruutu.
11:59 of 3rd period - Shot Misses the Net.
12:01 of 3rd period - Snap shot by Daniel Alfredsson.
12:01 of 3rd period - Shot Blocked by Chris Mcallister.
12:05 of 3rd period - Wrist shot by Tuomo Ruutu.
12:05 of 3rd period - Stopped by Viktor Fasth without a rebound.
12:06 of 3rd period - Ted Purcell wins face-off versus Vincent Lecavalier in Devils zone.
12:07 of 3rd period - Wrist shot by David Legwand.
12:07 of 3rd period - Stopped by Viktor Fasth without a rebound.
12:08 of 3rd period - David Legwand wins face-off versus Vincent Lecavalier in Devils zone.
12:12 of 3rd period - Minor Penalty to Vincent Lecavalier for Roughing.
12:13 of 3rd period - David Legwand wins face-off versus Zach Parise in Devils zone.
12:19 of 3rd period - Slapshot by David Legwand.
12:19 of 3rd period - Goal by David Legwand - Sharks : 4 - Devils : 2.
12:20 of 3rd period - David Legwand wins face-off versus Vincent Lecavalier in neutral zone.
12:45 of 3rd period - Michael Frolik is hit by Antoine Vermette and loses puck.
14:26 of 3rd period - Trevor Daley is hit by Marcel Hossa and loses puck.
14:45 of 3rd period - Snap shot by Guillaume Latendresse.
14:45 of 3rd period - Goal by Guillaume Latendresse - Sharks : 4 - Devils : 3.
14:46 of 3rd period - Ted Purcell wins face-off versus Vincent Lecavalier in neutral zone.
16:06 of 3rd period - Mike Lundin is hit by Derek Boogaard and loses puck.
16:47 of 3rd period - Snap shot by Evgeny Artyukhin.
16:47 of 3rd period - Stopped by Mike Brodeur without a rebound.
16:48 of 3rd period - Antoine Vermette wins face-off versus Greg Stewart in Sharks zone.
17:37 of 3rd period - Wrist shot by Greg Stewart.
17:37 of 3rd period - Stopped by Mike Brodeur with a rebound.
17:55 of 3rd period - Daniel Alfredsson is hit by Greg Stewart.
18:21 of 3rd period - Greg Stewart is hit by Antoine Vermette and loses puck.
18:42 of 3rd period - Snap shot by Jiri Hudler.
18:42 of 3rd period - Stopped by Mike Brodeur with a rebound.
18:44 of 3rd period - Slapshot by Dion Phaneuf.
18:44 of 3rd period - Shot Misses the Net.
18:46 of 3rd period - Devils, Viktor Fasth is pulled from the net.
18:46 of 3rd period - Snap shot by Greg Stewart.
18:46 of 3rd period - Stopped by Mike Brodeur without a rebound.
18:47 of 3rd period - Jacques Lemaire call a timeout for Devils.
18:47 of 3rd period - Vincent Lecavalier wins face-off versus David Legwand in Sharks zone.
19:02 of 3rd period - Snap shot by Derek Boogaard.
19:02 of 3rd period - Goal by Derek Boogaard - Sharks : 5 - Devils : 3.
19:02 of 3rd period - Viktor Fasth from Devils was sent back in the game.
19:03 of 3rd period - Paul Gaustad wins face-off versus Steve Ott in neutral zone.
19:06 of 3rd period - Snap shot by Jay Bouwmeester.
19:06 of 3rd period - Stopped by Viktor Fasth without a rebound.
19:07 of 3rd period - Paul Gaustad wins face-off versus Steve Ott in Devils zone.
19:38 of 3rd period - Slapshot by Marcel Hossa.
19:38 of 3rd period - Stopped by Viktor Fasth with a rebound.
19:40 of 3rd period - Wrist shot by Marcel Hossa.
19:40 of 3rd period - Shot Blocked by Guillaume Latendresse.
19:42 of 3rd period - Snap shot by Marcel Hossa.
19:42 of 3rd period - Shot Misses the Net.
Goals for this period are 3 for Sharks vs 1 for Devils.
Shots for this period are 9 for Sharks vs 13 for Devils.


Output by the SimonT Hockey Simulator (STHS) for François Prévost -- Original Page W3C XHTML 1.0 Valid
Hockey Simulator - Hockey Simulation - Hockey Manager